 Dungeon Crawl Stone Soup version 0.30-a0-782-ge64f9170bb (webtiles) character file.

Game seed: 11265942030244525034

1627 funkygono the Cleaver (level 8, 0/70 HPs)
             Began as a Minotaur Fighter on Mar 15, 2023.
             Was a Follower of Okawaru.
             Slain by a gnoll
             ... wielding a +1 vampiric spear
             ... led by a gnoll sergeant
              (2 damage)
             ... on level 7 of the Dungeon.
             The game lasted 00:07:45 (6118 turns).

funkygono the Cleaver (Minotaur Fighter)            Turns: 6118, Time: 00:07:46

Health: 0/70       AC: 16    Str: 22    XL:     8   Next: 65%
Magic:  0/7        EV:  7    Int:  5    God:    Okawaru [*.....]
Gold:   320        SH:  5    Dex: 11    Spells: 7/7 levels left

rFire   . . .      SeeInvis +    a - +0 war axe (heavy)
rCold   x . .      Faith    .    c - +0 buckler
rNeg    + . .      Spirit   +    J - +0 plate armour
rPois   .          Reflect  .    (helmet restricted)
rElec   .          Harm     .    (no cloak)
rCorr   +          Rampage  .    t - +0 pair of gloves
Will    +....                    C - +0 pair of boots Stlth
                                 i - amulet of guardian spirit
HPRegen 0.31/turn                k - ring of Enwej {rC- rN+ Will+ rCorr SInv}
MPRegen 0.10/turn                (no ring)

@: no status effects
A: horns 2, retaliatory headbutt
a: Renounce Religion, Heroism


You were on level 7 of the Dungeon.
You worshipped Okawaru.
Okawaru was aware of your devotion.
You visited 2 branches of the dungeon, and saw 8 of its levels.

You collected 320 gold pieces.

Inventory:

Hand Weapons
 a - a +0 heavy war axe (weapon)
Missiles
 h - 3 curare-tipped darts (quivered)
 j - 4 boomerangs
 u - a throwing net
 A - 17 poisoned darts
Armour
 b - a +0 scale mail
 c - a +0 buckler (worn)
 t - a +0 pair of gloves (worn)
 C - a +0 pair of boots (worn)
 D - an orb of wrath
 J - a +0 plate armour (worn)
Jewellery
 i - an amulet of guardian spirit (around neck)
 k - the ring of Enwej (left hand) {rC- rN+ Will+ rCorr SInv}
   (You acquired it on level 5 of the Dungeon)

   [ring of resist corrosion]

   rC:        It makes you vulnerable to cold.
   rN:        It protects you from negative energy.
   SInv:      It lets you see invisible.
   rCorr:     It protects you from acid and corrosion.
   Will:      It increases your willpower.
 w - an amulet of the acrobat
Wands
 r - a wand of mindburst (18)
 I - a wand of polymorph (7)
Scrolls
 f - a scroll of summoning
 n - 3 scrolls of silence
 q - a scroll of amnesia {unknown}
 x - a scroll of identify
 y - a scroll of teleportation
 B - a scroll of fear
 E - a scroll of immolation
Potions
 d - a potion of might
 e - a potion of attraction {unknown}
 g - 2 potions of lignification
 l - 2 potions of berserk rage
 m - 2 potions of brilliance
 o - a potion of ambrosia {unknown}
 p - 2 potions of mutation
 s - 2 potions of heal wounds {unknown}
 v - a potion of haste {unknown}
 z - a potion of magic {unknown}
 F - a potion of invisibility {unknown}


   Skills:
 + Level 6.2 Fighting
 + Level 9.2 Axes
 + Level 7.5 Armour
 + Level 2.0 Dodging
 + Level 1.0 Stealth
 + Level 5.3 Shields


You had 7 spell levels left.
You didn't know any spells.
Your spell library contained the following spells:

 Spells                   Type           Power      Damage    Failure   Level
 Cigotuvi's Dreadful Rot  Necr/Pois/Air  0%         N/A       100%        2
 Dazzling Flash           Conj/Hex       0%         N/A       100%        3
 Hailstorm                Conj/Ice       0%         3d3       100%        3
 Ozocubu's Armour         Ice            0%         N/A       100%        3
 Dispel Undead            Necr           0%         3d6       100%        4
 Ice Form                 Ice/Tmut       0%         N/A       100%        4
 Iskenderun's Mystic Bla  Conj/Tloc      0%         2d3       100%        4
 Metabolic Englaciation   Hex/Ice        0%         N/A       100%        5
 Starburst                Conj/Fire      0%         6d3       100%        6
 Death Channel            Necr           Unusable   N/A       N/A         6
 Simulacrum               Ice/Necr       Unusable   N/A       N/A         6

Dungeon Overview and Level Annotations

Branches:
Dungeon (7/15)             Temple (1/1) D:4

Altars:
Ashenzari
Cheibriados
Dithmenos
Elyvilon
Fedhas
Gozag
Hepliaklqana
Kikubaaqudgha
Makhleb
Nemelex Xobeh
Okawaru
Qazlal
Ru
Sif Muna
Trog
Uskayaw
Xom
Yredelemnul
Zin
The Shining One


Innate Abilities, Weirdness & Mutations

You have a pair of horns on your head.
You reflexively headbutt those who attack you in melee.


Message History

The gnoll sergeant freezes you. The gnoll sergeant blocks your attack.
The gnoll hits you but does no damage.
The gnoll sergeant hits you but does no damage.
The gnoll hits you from afar with a +0 halberd!
The gnoll barely misses you. The gnoll closely misses you.
The gnoll hits you but does no damage.
The orc wizard points at you and mumbles some strange words.
The puff of flame misses you. The gnoll completely misses you.
You block the gnoll sergeant's attack. The gnoll hits you but does no damage.
Things that are here:
a +1 heavy spear; a gnoll corpse The gnoll sergeant blocks your attack.
You closely miss the gnoll. You slash the orc wizard!
You kill the orc wizard!
Okawaru accepts your kill.
You hit the gnoll. The centaur hits you.
The centaur kicks you but does no damage.
The gnoll hits you but does no damage.
The gnoll sergeant hits you with a +5 spear of freezing!
The gnoll sergeant freezes you. The gnoll closely misses you.
You block the gnoll's attack. You block the centaur's attack.
The centaur kicks you but does no damage.
The gnoll hits you with a +0 halberd!
The gnoll hits you but does no damage. x2
The gnoll sergeant hits you with a +5 spear of freezing.
* * * LOW HITPOINT WARNING * * *
The gnoll sergeant freezes you.
* * * LOW HITPOINT WARNING * * *
You hit the gnoll sergeant. The gnoll sergeant blocks your attack.
The gnoll sergeant is lightly wounded.
You hit the centaur but do no damage. You barely miss the gnoll.
You slash the gnoll! The centaur misses you. The centaur barely misses you.
The gnoll barely misses you. You furiously retaliate!
You headbutt the gnoll.
You kill the gnoll!
Okawaru accepts your kill.
The gnoll sergeant hits you with a +5 spear of freezing!
* * * LOW HITPOINT WARNING * * *
The gnoll sergeant freezes you.
* * * LOW HITPOINT WARNING * * *
The gnoll hits you from afar with a +1 vampiric spear.
You die... .. # ##. .. ... #.. .oo

.$.. #.#
.....##o###.### .
.....ggoc........
#@######...
#g......#..
#..........
#.......##
#.#.##### ######
#.#.# #....#
#.#.# #....#
#.#.# .....#
#.#.#


You could see a gnoll sergeant, a centaur, an orc priest, an orc wizard
(invisible), 2 gnolls and 2 orcs.

Vanquished Creatures
  Grinder (D:5)
  A water moccasin (D:6)
  A black bear (D:5)
  2 ogres
  A phantom (D:6)
  2 kobold brigands (D:6)
  A bullfrog (D:7)
  4 scorpions
  An orc priest (D:4)
  A hound (D:5)
  3 jellies
  A gnoll bouda (D:3)
  4 iguanas
  An orc wizard (D:7)
  10 gnolls
  6 adders
  A shadow imp (D:7)
  2 white imps
  3 worms
  3 dart slugs
  9 orcs
  9 endoplasms
  4 giant cockroaches
  5 goblins
  3 hobgoblins
  4 jackals (D:2)
  17 kobolds
  2 quokkas (D:3)
  5 ball pythons
  2 bats (D:1)
  2 frilled lizards
  4 rats
115 creatures vanquished.

Notes
Turn   | Place    | Note
-------+----------+-------------------------------------------
     0 | D:1      | funkygono the Minotaur Fighter began the quest for the Orb.
     0 | D:1      | Reached XP level 1. HP: 19/19 MP: 0/0
   233 | D:1      | Reached XP level 2. HP: 27/27 MP: 1/1
   963 | D:2      | Found a faded altar of an unknown god.
  1072 | D:2      | Reached XP level 3. HP: 30/33 MP: 2/2
  1705 | D:3      | Reached skill level 3 in Axes
  1705 | D:3      | Reached XP level 4. HP: 18/41 MP: 3/3
  1881 | D:3      | Reached skill level 5 in Armour
  1932 | D:3      | Reached skill level 1 in Dodging
  2377 | D:3      | Found a burning altar of Makhleb.
  2483 | D:3      | Reached XP level 5. HP: 47/47 MP: 4/4
  2732 | D:4      | Reached skill level 4 in Axes
  2931 | D:4      | Noticed an ogre
  2939 | D:4      | Reached XP level 6. HP: 24/55 MP: 3/5
  2941 | D:4      | Reached skill level 5 in Axes
  3257 | D:4      | Reached skill level 5 in Fighting
  3514 | D:4      | Found a staircase to the Ecumenical Temple.
  3527 | Temple   | Entered the Ecumenical Temple
  3779 | D:5      | Entered Level 5 of the Dungeon
  4039 | D:5      | Noticed Grinder
  4043 | D:5      | Reached XP level 7. HP: 59/61 MP: 6/6
  4044 | D:5      | Paralysed by Grinder for 4 turns
  4054 | D:5      | Paralysed by Grinder for 2 turns
  4057 | D:5      | Killed Grinder
  4058 | D:5      | Reached skill level 6 in Axes
  4378 | D:5      | Reached skill level 7 in Axes
  4554 | D:5      | Found an opulent altar of Gozag.
  4572 | D:5      | Found a broken altar of Ashenzari.
  4600 | D:5      | Found an iron altar of Okawaru.
  4611 | D:5      | Found an ancient bone altar of Kikubaaqudgha.
  4622 | D:5      | Became a worshipper of Warmaster Okawaru
  4881 | D:5      | Identified a scroll of acquirement
  4881 | D:5      | Acquired the ring of Enwej {rC- rN+ Will+ rCorr SInv}
  5008 | D:6      | Reached XP level 8. HP: 70/70 MP: 7/7
  5069 | D:6      | Found a shimmering blue altar of Sif Muna.
  5158 | D:6      | Reached skill level 8 in Axes
  5186 | D:6      | Reached skill level 5 in Shields
  5465 | D:6      | Reached * piety under Okawaru
  6109 | D:7      | Reached skill level 9 in Axes
  6112 | D:7      | Reached skill level 1 in Stealth
  6118 | D:7      | HP: 2/70 [gnoll sergeant/+5 spear of freezing (6)]
  6118 | D:7      | Slain by a gnoll

Illustrated notes

Levels and vault maps discovered:
D:1:      dpeg_arrival_rhombus, layout_basic, nrook_loot_triangle, st_stairs_5
D:2:      layout_loops_ring, basic_ecumenical_altar
D:3:      layout_loops_ring, lightli_temple_of_fire
D:4:      layout_gridville, minmay_temple_entry_antechambers,
          serial_park_tiny_2, chequers_serial_rivers_micro_b,
          kennysheep_windowed_goal
D:5:      layout_loops_ring, nicolae_overflow_quartered_altars,
          kennysheep_pointless_box, uniq_grinder
D:6:      layout_cave_pods, nicolae_sif_muna_condensation
D:7:      layout_basic
Temple:   nicolae_temple_great_sept

Skill      XL: |  1  2  3  4  5  6  7  8 |
---------------+-------------------------+-----
Fighting       | 4 5 6 |  6.2
Armour         | 4 5 6 7 |  7.5
Axes           | 3 4 5 7 9 |  9.2
Shields        | 4 5 |  5.3
Dodging        | 1 2 |  2.0
Stealth        | 1 |  1.0

Action                     |  1- 3 |  4- 6 |  7- 9 || total
---------------------------+-------+-------+-------++-------
  Melee: War axe           |    69 |   105 |    76 ||   250
         Headbutt          |    13 |    10 |    12 ||    35
    Use: Scroll            |       |       |    16 ||    16
 Armour: Scale mail        |    37 |    51 |     6 ||    94
         Plate armour      |       |       |    39 ||    39
  Dodge: Dodged            |    40 |    50 |    39 ||   129
  Block: Buckler           |    16 |    25 |    26 ||    67

Table legend: (Time is in decaauts)
 A = Elapsed time spent in this place.
 B = Non-inter-level travel time spent in this place.
 C = Inter-level travel time spent in this place.
 D = Time resting spent in this place.
 E = Time spent auto-exploring this place.
 F = Levels seen in this place.
 G = Mean time per level.
                   A        B        C        D        E       F      G
               +--------+--------+--------+--------+--------+-----+--------+
         Total |   6224 |   5995 |    229 |     36 |   5028 |   8 |  778.0 |
       Dungeon |   6085 |   5865 |    220 |     36 |   4954 |   7 |  869.3 |
        Temple |    138 |    129 |      9 |      0 |     74 |   1 |  138.0 |
               +--------+--------+--------+--------+--------+-----+--------+

Top non-repeatable levels by time:
     D:5: 1221 daAuts
     D:2: 971 daAuts
     D:6: 965 daAuts
     D:4: 961 daAuts
     D:1: 907 daAuts
     D:3: 861 daAuts
     D:7: 196 daAuts
  Temple: 138 daAuts
